3R
SHERIDAN DEER @ CANONNIERS DE QUEBEC
08/17/2038
 
TOP OF THE 1ST
Sheridan Deer batting - Pitching for Canonniers de Quebec : RHP Colby Graham
Pitching: RHP Colby Graham
Batting: SHB Leonardo Rodríguez 0-0: Ball
1-0: Ball
2-0: Ball
3-0: Base on Balls
Batting: RHB Shalom Gestel 0-0: Ball
Leonardo Rodríguez steals 2nd base
1-0: Ball
2-0: Ball
3-0: Base on Balls
Batting: RHB Woong Byeon 0-0: Ball
1-0: Foul Ball, location: 2F
1-1: Called Strike
1-2: Fielders Choice at 2nd, 6-4 (Groundball, 6, EV 108.8 MPH)
Leonardo Rodríguez to third
Batting: RHB Tim Dickson 0-0: Called Strike
0-1: DOUBLE (Line Drive, 9LM, EV 98.1 MPH)
Leonardo Rodríguez scores
Woong Byeon to third
Runner from 3rd tries for Home, SAFE, throw by RF to home
Batting: LHB Phillip White 0-0: Ball
1-0: Ball
2-0: Ball
3-0: Base on Balls
Batting: RHB Haechan Mae 0-0: Called Strike
0-1: Swinging Strike
0-2: Foul Ball, location: 2F
0-2: Strikes out swinging
Batting: RHB Jack Schrijver 0-0: Foul Ball, location: 2F
0-1: Ball
1-1: Ball
2-1: Foul Ball, location: 2F
2-2: Ball
3-2: Base on Balls
Tim Dickson to third
Phillip White to second
Batting: RHB Eloi Hanai 0-0: Foul Ball, location: 2F
0-1: Foul Ball, location: 2F
0-2: Ball
1-2: Ball
2-2: Fielders Choice at 2nd, 6-4 (Groundball, 6, EV 98.8 MPH)
Top of the 1st over - 2 runs, 1 hit, 0 errors, 3 left on base; Sheridan 2 - Canonniers de Quebec 0
BOTTOM OF THE 1ST
Canonniers de Quebec batting - Pitching for Sheridan Deer : RHP Dejenie Afiba
Pitching: RHP Dejenie Afiba
Batting: LHB Ewold de Regt 0-0: Ball
1-0: Called Strike
1-1: Foul Ball, location: 2F
1-2: SINGLE (Groundball, 34D, EV 104.4 MPH)
Batting: RHB José Cintrón 0-0: Ball
1-0: Called Strike
1-1: Ball
Wild Pitch!
Ewold de Regt to second
2-1: Ball
3-1: Ground out 1-3 (Groundball, P, EV 88.8 MPH)
Ewold de Regt to third
Batting: LHB Knox Loposer 0-0: Called Strike
0-1: Foul Ball, location: 2F
0-2: Ground out 4-3 (Groundball, 4, EV 88.1 MPH)
Ewold de Regt scores
Batting: RHB Hulama Yani 0-0: Called Strike
0-1: Ball
1-1: Foul Ball, location: 2F
1-2: Ball
2-2: Strikes out swinging
Bottom of the 1st over - 1 run, 1 hit, 0 errors, 0 left on base; Sheridan 2 - Canonniers de Quebec 1
TOP OF THE 2ND
Sheridan Deer batting - Pitching for Canonniers de Quebec : RHP Colby Graham
Batting: RHB Kyle Michaud 0-0: Ball
1-0: Bunt missed!
1-1: Ball
2-1: SINGLE (Groundball, 34, EV 101.2 MPH) (infield hit)
Batting: SHB Leonardo Rodríguez 0-0: Foul Ball, location: 2F
0-1: Called Strike
Kyle Michaud is caught stealing 2nd base 2-6
0-2: Fly out, F8 (Flyball, 8LD, EV 110.0 MPH)
Batting: RHB Shalom Gestel 0-0: Ball
1-0: Fly out, F7 (Line Drive, 7, EV 94.4 MPH)
Top of the 2nd over - 0 runs, 1 hit, 0 errors, 0 left on base; Sheridan 2 - Canonniers de Quebec 1
BOTTOM OF THE 2ND
Canonniers de Quebec batting - Pitching for Sheridan Deer : RHP Dejenie Afiba
Batting: SHB Alex Warner 0-0: Single, Error in OF, E9, batter to second base (Line Drive, 89S, EV 95.6 MPH)
Batting: RHB Joe Padilla 0-0: Ball
1-0: Ball
2-0: Ball
3-0: Base on Balls
Batting: RHB Nobuhiko Ohayashi 0-0: Ball
1-0: Foul Ball, location: 2F
1-1: Called Strike
1-2: Fielders Choice at 2nd, 5-4 (Groundball, 5S, EV 80.0 MPH)
Alex Warner to third
Batting: RHB Boyd Tholen 0-0: Called Strike
0-1: Foul Ball, location: 2F
0-2: Strikes out looking
Nobuhiko Ohayashi steals 2nd base
Batter strikes out.
Batting: SHB Geoffrey Richardson 0-0: Ball
1-0: Ball
2-0: Ground out 5-3 (Groundball, 56S, EV 88.1 MPH)
Bottom of the 2nd over - 0 runs, 1 hit, 1 error, 2 left on base; Sheridan 2 - Canonniers de Quebec 1
TOP OF THE 3RD
Sheridan Deer batting - Pitching for Canonniers de Quebec : RHP Colby Graham
Batting: RHB Woong Byeon 0-0: Ground out 5-3 (Groundball, 56S, EV 84.4 MPH)
Batting: RHB Tim Dickson 0-0: Called Strike
0-1: Ball
1-1: Swinging Strike
1-2: Foul Ball, location: 2F
1-2: Ground out 6-3 (Groundball, 6, EV 79.4 MPH)
Batting: LHB Phillip White 0-0: Swinging Strike
0-1: Ball
1-1: Swinging Strike
1-2: SINGLE (Groundball, 34D, EV 103.1 MPH)
Batting: RHB Haechan Mae 0-0: Called Strike
0-1: Ball
1-1: Ball
2-1: Ball
3-1: Foul Ball, location: 2F
3-2: Ground out 4-3 (Groundball, 4, EV 85.6 MPH)
Top of the 3rd over - 0 runs, 1 hit, 0 errors, 1 left on base; Sheridan 2 - Canonniers de Quebec 1
BOTTOM OF THE 3RD
Canonniers de Quebec batting - Pitching for Sheridan Deer : RHP Dejenie Afiba
Batting: LHB Ewold de Regt 0-0: Ball
1-0: SINGLE (Groundball, 4D, EV 94.4 MPH)
Batting: RHB José Cintrón 0-0: Ball
1-0: Called Strike
1-1: Called Strike
1-2: Ball
2-2: Ball
3-2: Strikes out swinging
Batting: LHB Knox Loposer 0-0: Ball
1-0: Ball
2-0: Foul Ball, location: 2F
2-1: Foul Ball, location: 2F
2-2: Ball
Ewold de Regt steals 2nd base
3-2: Foul Ball, location: 2F
3-2: Fly out, F9 (Flyball, 9S, EV 80.6 MPH)
Batting: RHB Hulama Yani 0-0: Swinging Strike
0-1: Ball
1-1: Swinging Strike
1-2: Strikes out swinging
Bottom of the 3rd over - 0 runs, 1 hit, 0 errors, 1 left on base; Sheridan 2 - Canonniers de Quebec 1
TOP OF THE 4TH
Sheridan Deer batting - Pitching for Canonniers de Quebec : RHP Colby Graham
Batting: RHB Jack Schrijver 0-0: Ball
1-0: Ball
2-0: Called Strike
2-1: Fly out, F7 (Flyball, 78S, EV 96.9 MPH)
Batting: RHB Eloi Hanai 0-0: Called Strike
0-1: Foul Ball, location: 2F
0-2: Ball
1-2: Strikes out swinging
Batting: RHB Kyle Michaud 0-0: Bunt missed!
0-1: Ball
1-1: Fly out, F8 (Line Drive, 8LD, EV 101.2 MPH)
Top of the 4th over - 0 runs, 0 hits, 0 errors, 0 left on base; Sheridan 2 - Canonniers de Quebec 1
BOTTOM OF THE 4TH
Canonniers de Quebec batting - Pitching for Sheridan Deer : RHP Dejenie Afiba
Batting: SHB Alex Warner 0-0: Ball
1-0: Hit by Pitch
Batting: RHB Joe Padilla 0-0: Called Strike
0-1: Called Strike
0-2: Strikes out looking
Batting: RHB Nobuhiko Ohayashi 0-0: Ball
1-0: Swinging Strike
1-1: Swinging Strike
1-2: Foul Ball, location: 2F
1-2: Ball
2-2: Ball
3-2: Strikes out looking
Pitching: LHP Jung-won Park
Batting: RHB Boyd Tholen 0-0: Foul Ball, location: 2F
0-1: Ball
1-1: Swinging Strike
1-2: Ball
2-2: Foul Ball, location: 2F
2-2: Strikes out swinging
Bottom of the 4th over - 0 runs, 0 hits, 0 errors, 1 left on base; Sheridan 2 - Canonniers de Quebec 1
TOP OF THE 5TH
Sheridan Deer batting - Pitching for Canonniers de Quebec : RHP Colby Graham
Batting: SHB Leonardo Rodríguez 0-0: Called Strike
0-1: Ball
1-1: SINGLE (Groundball, 4MD, EV 107.5 MPH)
Batting: RHB Shalom Gestel 0-0: Bunted foul
0-1: Bunt - Flyout to 23! F3
Batting: RHB Woong Byeon 0-0: Ball
Leonardo Rodríguez is caught stealing 2nd base 2-4
1-0: Called Strike
1-1: Foul Ball, location: 2F
1-2: Strikes out swinging
Top of the 5th over - 0 runs, 1 hit, 0 errors, 0 left on base; Sheridan 2 - Canonniers de Quebec 1
BOTTOM OF THE 5TH
Canonniers de Quebec batting - Pitching for Sheridan Deer : LHP Jung-won Park
Batting: SHB Geoffrey Richardson 0-0: Called Strike
0-1: Ball
1-1: Ball
2-1: Ball
3-1: Swinging Strike
3-2: Strikes out swinging
Batting: LHB Ewold de Regt 0-0: Ground out 4-3 (Groundball, 4, EV 86.2 MPH)
Batting: RHB José Cintrón 0-0: Called Strike
0-1: SINGLE (Line Drive, 8RS, EV 105.0 MPH)
Batting: LHB Knox Loposer 0-0: Ball
1-0: Called Strike
1-1: Swinging Strike
1-2: Ball
2-2: Strikes out swinging
Bottom of the 5th over - 0 runs, 1 hit, 0 errors, 1 left on base; Sheridan 2 - Canonniers de Quebec 1
TOP OF THE 6TH
Sheridan Deer batting - Pitching for Canonniers de Quebec : RHP Colby Graham
Batting: RHB Tim Dickson 0-0: Ball
1-0: SINGLE (Groundball, 34, EV 88.8 MPH) (infield hit)
Batting: LHB Phillip White 0-0: Called Strike
0-1: Ball
1-1: Swinging Strike
1-2: Ball
2-2: Fly out, F4 (Line Drive, 4, EV 66.2 MPH)
Batting: RHB Haechan Mae 0-0: Called Strike
0-1: Called Strike
0-2: Strikes out swinging
Batting: RHB Jack Schrijver 0-0: Ball
1-0: Foul Ball, location: 2F
1-1: Ball
2-1: Foul Ball, location: 2F
2-2: Fly out, F9 (Flyball, 9, EV 84.4 MPH)
Top of the 6th over - 0 runs, 1 hit, 0 errors, 1 left on base; Sheridan 2 - Canonniers de Quebec 1
BOTTOM OF THE 6TH
Canonniers de Quebec batting - Pitching for Sheridan Deer : LHP Jung-won Park
Batting: RHB Hulama Yani 0-0: Foul Ball, location: 2F
0-1: Swinging Strike
0-2: Ball
1-2: Strikes out swinging
Batting: SHB Alex Warner 0-0: Foul Ball, location: 2F
0-1: Swinging Strike
0-2: Strikes out looking
Batting: RHB Joe Padilla 0-0: Foul Ball, location: 2F
0-1: Ground out U3 (Groundball, 3L, EV 110.6 MPH)
Bottom of the 6th over - 0 runs, 0 hits, 0 errors, 0 left on base; Sheridan 2 - Canonniers de Quebec 1
TOP OF THE 7TH
Sheridan Deer batting - Pitching for Canonniers de Quebec : RHP Colby Graham
Batting: RHB Eloi Hanai 0-0: Ball
1-0: Ball
2-0: Called Strike
2-1: Swinging Strike
2-2: Foul Ball, location: 2F
2-2: Fly out, F9 (Line Drive, 9, EV 94.4 MPH)
Pitching: LHP Ralph Moore
Batting: RHB Kyle Michaud 0-0: Ball
1-0: Ball
2-0: Foul Ball, location: 2F
2-1: Foul Ball, location: 2F
2-2: Foul Ball, location: 2F
2-2: SINGLE (Line Drive, 89S, EV 91.9 MPH)
Batting: SHB Leonardo Rodríguez 0-0: Ball
1-0: Ball
2-0: Ball
3-0: Called Strike
3-1: Called Strike
3-2: Base on Balls
Kyle Michaud to second
Batting: RHB Shalom Gestel 0-0: Fielders Choice at 2nd, 6-4 (Groundball, 6M, EV 100.6 MPH)
Kyle Michaud to third
Batting: RHB Woong Byeon 0-0: Ball
1-0: SINGLE (Groundball, 4MD, EV 99.4 MPH)
Kyle Michaud scores
Shalom Gestel to second
Batting: RHB Tim Dickson 0-0: Fly out, F8 (Line Drive, 8RD, EV 83.1 MPH)
Top of the 7th over - 1 run, 2 hits, 0 errors, 2 left on base; Sheridan 3 - Canonniers de Quebec 1
BOTTOM OF THE 7TH
Canonniers de Quebec batting - Pitching for Sheridan Deer : LHP Jung-won Park
Batting: RHB Nobuhiko Ohayashi 0-0: Foul Ball, location: 2F
0-1: Ground out 6-3 (Groundball, 56, EV 86.9 MPH)
Batting: RHB Boyd Tholen 0-0: Called Strike
0-1: Ball
1-1: Ball
2-1: Swinging Strike
2-2: Ball
3-2: Strikes out swinging
Batting: SHB Geoffrey Richardson 0-0: Ball
1-0: Ball
2-0: SINGLE (Line Drive, 8RS, EV 105.0 MPH)
Batting: LHB Ewold de Regt 0-0: Swinging Strike
0-1: Ground out 3-1 (Groundball, 34, EV 108.8 MPH)
Bottom of the 7th over - 0 runs, 1 hit, 0 errors, 1 left on base; Sheridan 3 - Canonniers de Quebec 1
TOP OF THE 8TH
Sheridan Deer batting - Pitching for Canonniers de Quebec : LHP Ralph Moore
Batting: LHB Phillip White 0-0: Foul Ball, location: 2F
0-1: Ball
1-1: Ball
2-1: Fly out, F7 (Flyball, 7S, EV 85.6 MPH)
Batting: RHB Haechan Mae 0-0: Ball
1-0: Called Strike
1-1: Swinging Strike
1-2: Strikes out swinging
Batting: RHB Jack Schrijver 0-0: Called Strike
0-1: Foul Ball, location: 2F
0-2: Strikes out swinging, 2-3 out at first.
Top of the 8th over - 0 runs, 0 hits, 0 errors, 0 left on base; Sheridan 3 - Canonniers de Quebec 1
BOTTOM OF THE 8TH
Canonniers de Quebec batting - Pitching for Sheridan Deer : LHP Jung-won Park
Batting: RHB José Cintrón 0-0: Foul Ball, location: 2F
0-1: Swinging Strike
0-2: Strikes out swinging
Batting: LHB Knox Loposer 0-0: Ball
1-0: Foul Ball, location: 2F
1-1: Ground out U3 (Groundball, 34, EV 104.4 MPH)
Batting: RHB Hulama Yani 0-0: Called Strike
0-1: SINGLE (Groundball, 56D, EV 103.1 MPH)
Batting: SHB Alex Warner 0-0: Ball
1-0: Ball
2-0: Called Strike
2-1: SINGLE (Groundball, 56, EV 90.0 MPH) (infield hit)
Hulama Yani to second
Pitching: LHP Arturo Cuellar
Batting: RHB Joe Padilla 0-0: Ball
1-0: Ball
2-0: Called Strike
2-1: Ball
3-1: SINGLE (Groundball, 56D, EV 106.2 MPH)
Hulama Yani to third
Alex Warner to second
Runner from 3rd tries for Home, SAFE, throw by LF to home
Batting: RHB Nobuhiko Ohayashi 0-0: Swinging Strike
0-1: Ball
1-1: Swinging Strike
1-2: Strikes out looking
Bottom of the 8th over - 1 run, 3 hits, 0 errors, 2 left on base; Sheridan 3 - Canonniers de Quebec 2
TOP OF THE 9TH
Sheridan Deer batting - Pitching for Canonniers de Quebec : LHP Ralph Moore
Batting: RHB Eloi Hanai 0-0: Called Strike
0-1: Foul Ball, location: 2F
0-2: Strikes out swinging
Batting: RHB Kyle Michaud 0-0: Called Strike
0-1: SINGLE (Groundball, 4MD, EV 104.4 MPH)
Batting: SHB Leonardo Rodríguez 0-0: Ball
1-0: Swinging Strike
1-1: Called Strike
1-2: Strikes out swinging
Batting: RHB Shalom Gestel 0-0: Ball
1-0: Called Strike
1-1: Called Strike
1-2: Strikes out swinging
Top of the 9th over - 0 runs, 1 hit, 0 errors, 1 left on base; Sheridan 3 - Canonniers de Quebec 2
BOTTOM OF THE 9TH
Canonniers de Quebec batting - Pitching for Sheridan Deer : LHP Arturo Cuellar
Pitching: LHP Seon-chin Park
Now at SS: Danny Hensley
Batting: RHB Boyd Tholen 0-0: Called Strike
0-1: Ground out 6-3 (Groundball, 6, EV 85.0 MPH)
Pinch Hitting: RHB Ed Dimock 0-0: Ball
1-0: Ball
2-0: SINGLE (Groundball, 6, EV 87.5 MPH) (infield hit)
Batting: LHB Ewold de Regt 0-0: Called Strike
0-1: Reached on error, E5 (Groundball, 6S, EV 84.4 MPH)
Ed Dimock to second
Pinch Hitting: LHB Tony McMillan 0-0: Ball
1-0: Called Strike
1-1: Swinging Strike
1-2: Foul Ball, location: 2F
1-2: Foul Ball, location: 2F
1-2: Ball
2-2: Ball
3-2: Foul Ball, location: 2F
3-2: Strikes out swinging
Batting: LHB Knox Loposer 0-0: Ball
1-0: Called Strike
1-1: Foul Ball, location: 2F
1-2: Strikes out swinging
Bottom of the 9th over - 0 runs, 1 hit, 1 error, 2 left on base; Sheridan 3 - Canonniers de Quebec 2
Friday, April 17th, 2020 - OOTP Baseball 20.8 Build 74